 Dungeon Crawl Stone Soup version 0.19.0-2-gae57169 (webtiles) character file.

8392 Leibowitz the Slicer (level 11, -17/108 HPs)
             Began as a Kobold Berserker on Nov 2, 2016.
             Was a High Priest of Trog.
             Demolished by a minotaur
             ... wielding a +4 trident of piercing
              (21 damage)
             ... in a labyrinth.
             The game lasted 00:47:40 (11151 turns).

Leibowitz the Slicer (Kobold Berserker)            Turns: 11151, Time: 00:47:40

Health: -17/108    AC: 11    Str: 20    XL:     11   Next: 55%
Magic:  11/11      EV: 23    Int:  8    God:    Trog [*****.]
Gold:   747        SH:  0    Dex: 18    Spells: 0 memorised, 10 levels left

rFire  . . .     SeeInvis .     a - +9 dagger "Zuyst" {pierce, rN+}
rCold  + . .     Gourm    .     J - +2 robe {rC+}
rNeg   + . .     Faith    +     (shield restricted)
rPois  .         Spirit   .     o - +2 helmet
rElec  .         Reflect  .     u - +0 cloak
rCorr  .         Harm     .     (no gloves)
MR     +....                    (no boots)
Stlth  ..........               l - amulet of faith
                                A - ring of protection from magic
                                C - +3 ring of protection

@: berserking, very quick
A: claws 1, carnivore 3, evolution 1
a: Berserk, Trog's Hand, Brothers in Arms, Burn Spellbooks, Renounce Religion


You were in a labyrinth.
You worshipped Trog.
Trog was extremely pleased with you.
You were very full.

You visited 3 branches of the dungeon, and saw 10 of its levels.
You also visited: Labyrinth and Ossuary.

You collected 747 gold pieces.

Inventory:

Hand Weapons
 a - the +9 dagger "Zuyst" (weapon) {pierce, rN+}
   (Trog gifted it to you on level 8 of the Dungeon)

   It inflicts extra damage upon your enemies.
   It protects you from negative energy.
 b - a +0 blowgun
 x - a +0 dagger of freezing
 K - a +3 short sword of speed
Missiles
 H - 4 curare-tipped needles
Armour
 o - a +2 helmet (worn)
 u - a +0 cloak (worn)
 J - a +2 robe of cold resistance (worn)
Jewellery
 l - an amulet of faith (around neck)
 p - an uncursed ring of protection from fire
 A - a ring of protection from magic (right claw)
 C - a +3 ring of protection (left claw)
 O - an uncursed ring of resist corrosion
Wands
 E - a wand of hasting (9/9)
 G - a wand of lightning (8/15)
 I - a wand of slowing (23/48)
 N - a wand of random effects (30/48)
Scrolls
 e - 2 scrolls of enchant armour
 i - 8 scrolls of identify
 j - 3 scrolls of magic mapping
 m - 3 scrolls of enchant weapon
 t - 4 scrolls of recharging
 y - a scroll of blinking
 z - 2 scrolls of remove curse
 F - a scroll of fear
Potions
 g - 3 potions of haste
 h - a potion of magic
 n - 3 potions of agility
 q - a potion of flight {unknown}
 r - 4 potions of lignification
 w - a potion of cure mutation
 B - a potion of resistance
 D - 6 potions of curing
Books
 s - a book of Cantrips

   Spells                             Type                      Level
   a - Confusing Touch                Hexes                        1
   b - Animate Skeleton               Necromancy                   1
   c - Summon Small Mammal            Summoning                    1
   d - Apportation                    Translocation                1
   Trog disapproves of the use of such an item.
 L - a book of Minor Magic

   Spells                             Type                      Level
   a - Magic Dart                     Conjuration                  1
   b - Blink                          Translocation                2
   c - Call Imp                       Summoning                    2
   d - Repel Missiles                 Charms/Air                   2
   e - Slow                           Hexes                        2
   f - Conjure Flame                  Conjuration/Fire             3
   g - Mephitic Cloud                 Conjuration/Poison/Air       3
   Trog disapproves of the use of such an item.
Comestibles
 c - 4 meat rations
 f - 8 slices of pizza
 k - a royal jelly
 v - 3 beef jerkies


   Skills:
 + Level 9.7 Fighting
 - Level 12.0 Short Blades
 + Level 3.3 Throwing
 + Level 4.6 Armour
 * Level 10.5 Dodging
 + Level 8.3 Stealth
 + Level 1.2 Evocations


You had 10 spell levels left.
You didn't know any spells.

Dungeon Overview and Level Annotations

Branches:
Dungeon (8/15)             Temple (1/1) D:7            Lair (1/6) D:8

Altars:
Ashenzari
Cheibriados
Dithmenos
Elyvilon
Hepliaklqana
Kikubaaqudgha
Makhleb
Okawaru
Trog
Uskayaw
The Shining One

Shops:
D:7 *


Innate Abilities, Weirdness & Mutations

You are small and have problems with some larger weapons.
You are carnivorous and can eat meat at any time.
You have sharp fingernails.
You evolve.


Message History

You completely miss the minotaur.
The minotaur furiously retaliates!
The minotaur headbutts you, but does no damage.
The minotaur is moderately wounded.
The minotaur is no longer moving slowly.
The minotaur hits you with a trident of piercing!!
The minotaur closely misses you.
You barely miss the minotaur.
The minotaur is moderately wounded.
A red film seems to cover your vision as you go berserk!
You feel yourself moving faster!
You feel mighty!
You feel a lot less full.
The minotaur hits you with a trident of piercing!!
* * * LOW HITPOINT WARNING * * *
x2 The minotaur gores you!
* * * LOW HITPOINT WARNING * * *
You puncture the minotaur!
The minotaur is heavily wounded.
You puncture the minotaur!
The minotaur is severely wounded.
The minotaur hits you with a trident of piercing!!
You die...

. ## .
....# . #
# # # #
##### # #
#. # .
#.@.# # .
# ..# #
#H#.# # #
# .(.#.#.
.. . .#
#<###.##
###. # .#
#. .#..
.# #.# #
# #
######. .
. . #.. .
. . ###.#
# # .
#.#...#.#
.. ▓


You could see a minotaur.

Vanquished Creatures
  Gastronok (D:8)
  The ghost of GordonOverkill the Basher, a novice OgHu (D:4)
  Joseph (D:7)
  A black mamba (Lair:1)
  Psyche (D:8)
  A spiny frog (Lair:1)
  The ghost of zodiitti the Poker, a novice GrGl of Okawaru (D:5)
  Prince Ribbit (D:8)
  A human (D:7)
  4 hogs (D:7)
  A hungry ghost (D:7)
  The ghost of Mukku the Chopper, an amateur FoAK of Lugonu (D:3)
  A steam dragon (D:8)
  2 hell hounds (D:8)
  A porcupine (Lair:1)
  2 orc warriors (D:8)
  2 sky beasts (D:8)
  A phantom (D:5)
  5 ogres
  A black bear (D:8)
  5 centaurs
  A crocodile (Lair:1)
  3 bullfrogs
  3 scorpions
  A howler monkey (D:8)
  A centaur zombie (D:6)
  5 crimson imps
  A quasit (D:8)
  4 hounds
  Crazy Yiuf (D:4)
  3 orc priests
  3 jellies
  4 orc wizards
  A gnoll shaman (D:8)
  An iron imp (D:7)
  2 iguanas
  3 hell rats (D:8)
  5 worker ants
  Ijyb (D:2)
  8 mummies (Ossuary)
  2 worker ant zombies
  9 gnolls (D:5)
  5 river rats (D:8)
  9 adders
  2 shadow imps
  An ooze (D:7)
  2 adder skeletons
  4 worms
  A dart slug (D:1)
  4 leopard geckos
  21 orcs
  5 giant cockroaches
  7 goblins
  9 hobgoblins
  6 jackals
  4 quokkas
  5 bats
  4 frilled lizards
  3 gnoll zombies (Ossuary)
  A goblin skeleton (D:7)
  A goblin zombie (D:7)
  5 hobgoblin zombies
  9 kobolds
  A kobold skeleton (D:7)
  3 kobold zombies
  2 orc skeletons (D:7)
  2 orc zombies (Ossuary)
  36 rats
  A fungus (D:4)
250 creatures vanquished.

Notes
Turn   | Place    | Note
-------+----------+-------------------------------------------
     0 | D:1      | Leibowitz the Kobold Berserker began the quest for the Orb.
     0 | D:1      | Reached XP level 1. HP: 14/14 MP: 1/1
    55 | D:1      | Reached XP level 2. HP: 17/19 MP: 2/2
   511 | D:1      | HP: 1/20 [hobgoblin/club (3)]
   766 | D:1      | Reached XP level 3. HP: 14/24 MP: 3/3
  1081 | D:2      | Noticed Ijyb
  1096 | D:2      | Killed Ijyb
  1096 | D:2      | Reached ** piety under Trog
  1096 | D:2      | Reached XP level 4. HP: 17/29 MP: 4/4
  1272 | D:2      | Found a shadowy altar of Dithmenos.
  1433 | D:2      | Reached skill level 5 in Short Blades
  1810 | D:3      | Found a faded altar of an unknown god.
  1891 | D:3      | Reached skill level 1 in Stealth
  2033 | D:3      | Noticed Mukku's ghost (amateur FoAK)
  2041 | D:3      | Killed Mukku's ghost
  2041 | D:3      | Reached skill level 6 in Short Blades
  2041 | D:3      | Reached XP level 5. HP: 30/34 MP: 5/5
  2041 | D:3      | Reached XP level 6. HP: 34/39 MP: 6/6
  2494 | D:3      | Reached *** piety under Trog
  3255 | D:3      | Found a burning altar of Makhleb.
  3255 | D:3      | Found a bloodstained altar of Trog.
  3373 | D:4      | Noticed GordonOverkill's ghost (novice OgHu)
  3528 | D:4      | Killed GordonOverkill's ghost
  3528 | D:4      | Reached skill level 5 in Fighting
  3528 | D:4      | Reached skill level 7 in Short Blades
  3528 | D:4      | Reached XP level 7. HP: 35/44 MP: 7/7
  3528 | D:4      | Reached XP level 8. HP: 39/49 MP: 8/8
  3683 | D:4      | Found a hazy altar of Hepliaklqana.
  3732 | D:4      | Reached skill level 5 in Dodging
  3952 | D:4      | Found a runed door.
  3958 | D:4      | Noticed Crazy Yiuf
  3963 | D:4      | Killed Crazy Yiuf
  3963 | D:4      | Reached skill level 8 in Short Blades
  3993 | D:5      | Entered Level 5 of the Dungeon
  4147 | D:5      | Found a sand-covered staircase.
  4213 | Ossuary  | Entered an ossuary
  4624 | Ossuary  | Reached **** piety under Trog
  5796 | D:5      | Noticed zodiitti's ghost (novice GrGl)
  5967 | D:5      | Killed zodiitti's ghost
  5967 | D:5      | Reached skill level 9 in Short Blades
  5967 | D:5      | Reached XP level 9. HP: 55/55 MP: 9/9
  6486 | D:5      | Found a snail-covered altar of Cheibriados.
  6863 | D:5      | Gained mutation: You have sharp fingernails. [potion of mutation]
  6863 | D:5      | Gained mutation: You evolve. [potion of mutation]
  6987 | D:6      | Reached skill level 10 in Short Blades
  7375 | D:7      | Noticed Joseph
  7418 | D:7      | Killed Joseph
  7425 | D:7      | Reached ***** piety under Trog
  7531 | D:7      | Found a glowing golden altar of the Shining One.
  7659 | D:7      | Found a staircase to the Ecumenical Temple.
  7668 | Temple   | Entered the Ecumenical Temple
  7815 | D:7      | Reached skill level 5 in Stealth
  8115 | D:7      | Reached skill level 11 in Short Blades
  8115 | D:7      | Reached XP level 10. HP: 56/63 MP: 10/10
  8136 | D:7      | Received a gift from Trog
  8479 | D:7      | Found Dossoq's General Store.
  8650 | D:7      | Reached skill level 1 in Evocations
  8911 | D:8      | Noticed Prince Ribbit
  8928 | D:8      | Killed Prince Ribbit
  8928 | D:8      | Reached skill level 12 in Short Blades
  8952 | D:8      | Found a staircase to the Lair.
  9236 | D:8      | Reached skill level 1 in Throwing
  9255 | D:8      | Noticed Psyche
  9267 | D:8      | Killed Psyche
  9523 | D:8      | Noticed Gastronok
  9615 | D:8      | Received a gift from Trog
  9618 | D:8      | Got a scorched dagger {god gift}
  9619 | D:8      | Identified the +9 dagger "Zuyst" {pierce, rN+} (Trog gifted it to you on level 8 of the Dungeon)
  9833 | D:8      | Killed Gastronok
  9833 | D:8      | Reached skill level 10 in Dodging
  9833 | D:8      | Reached XP level 11. HP: 50/71 MP: 11/11
 10081 | D:8      | Found a shattered altar of Ashenzari.
 10081 | D:8      | Found a white marble altar of Elyvilon.
 10082 | D:8      | Found an iron altar of Okawaru.
 10470 | Lair:1   | Entered Level 1 of the Lair of Beasts
 10540 | Lair:1   | Found a labyrinth entrance.
 10575 | Lab      | Entered a labyrinth
 11135 | Lab      | Noticed a minotaur
 11149 | Lab      | HP: 4/108 [minotaur/trident of piercing (11)]
 11151 | Lab      | Demolished by a minotaur

Skill      XL: |  1  2  3  4  5  6  7  8  9 10 11 |
---------------+----------------------------------+-----
Fighting       | 4 5 6 7 9 |  9.7
Short Blades   | 6 7 9 11 12 | 12.0
Stealth        | 2 3 5 7 8 |  8.3
Armour         | 2 3 4 |  4.6
Dodging        | 3 4 6 7 10 | 10.5
Evocations     | 1 |  1.2
Throwing       | 2 3 |  3.3

Action                   |  1- 3 |  4- 6 |  7- 9 | 10-12 || total
-------------------------+-------+-------+-------+-------++-------
Melee: Short sword       |    98 |   192 |   286 |   233 ||   809
       Dagger            |       |   171 |   617 |   167 ||   955
 Fire: Blowgun           |       |       |       |    15 ||    15
Throw: Throwing net      |       |       |     1 |     1 ||     2
Invok: Berserk           |     1 |     1 |     2 |     3 ||     7
       Burn Spellbooks   |       |     1 |       |       ||     1
Evoke: Wand              |       |       |     4 |     1 ||     5
  Use: Potion            |       |       |    11 |     1 ||    12
       Scroll            |       |       |    11 |       ||    11
 Stab: Sleeping          |     1 |     5 |     5 |     7 ||    18
       Held in net/web   |       |       |       |     2 ||     2
       Distracted        |       |       |       |     2 ||     2
  Eat: Chunk             |     8 |    11 |    17 |    17 ||    53
Armor: Leather armour    |    15 |    60 |    61 |    13 ||   149
       Robe              |       |       |       |    25 ||    25
Dodge: Dodged            |    60 |   200 |   386 |   190 ||   836
